 Dungeon Crawl Stone Soup version 0.28-a0-48-gfd831c5874 (webtiles) character file.

Game seed: 6514421999400013614

3 Spectrina the Sneak (level 1, -1/13 HPs)
             Began as a Deep Elf Delver on July 29, 2021.
             Slain by an adder (3 damage)
             ... on level 3 of the Dungeon.
             The game lasted 00:01:33 (294 turns).

Spectrina the Sneak (Deep Elf Delver)                Turns: 294, Time: 00:01:34

Health: -1/13      AC:  3    Str:  9    XL:     1   Next: 41%
Magic:  3/3        EV: 12    Int: 14    God:
Gold:   30         SH:  0    Dex: 16    Spells: 0/0 levels left

rFire   + . .      SeeInvis .   a - +0 short sword
rCold   + . .      Faith    .   (no shield)
rNeg    . . .      Spirit   .   b - +0 leather armour
rPois   +          Reflect  .   (no helmet)
rElec   +          Harm     .   (no cloak)
rCorr   +          Rampage  .   (no gloves)
Will    .....                   (no boots)
Stlth   +++.......              (no amulet)
HPRegen 0.04/turn               (no ring)
MPRegen 0.08/turn               (no ring)

@: lethally poisoned (-1 -> -4), resistant, flying
A: no striking features
a: no special abilities


You were on level 3 of the Dungeon.
You visited 1 branch of the dungeon, and saw 3 of its levels.

You collected 30 gold pieces.

Inventory:

Hand Weapons
 a - a +0 short sword (weapon)
Missiles
 k - 18 stones (quivered)
Armour
 b - a +0 leather armour (worn)
Wands
 g - a wand of digging (3)
Scrolls
 c - a scroll of fog
 d - 2 scrolls of magic mapping
 e - a scroll of fear
 l - a scroll of teleportation {unknown}
Potions
 f - 2 potions of haste
 i - a potion of lignification {unknown}


   Skills:
 - Level 2.4 Fighting
 - Level 2.0 Short Blades
 - Level 2.4 Dodging
 + Level 6.2 Stealth


You couldn't memorise any spells.
You didn't know any spells.
Your spell library was empty.

Dungeon Overview and Level Annotations

Branches:
Dungeon (5/15)
 Temple: D:4-7

Altars:


Message History

f - 2 potions of haste (gained 1)
l - a scroll labelled RARAGE TIHANAU Really walk into that dispersal trap?
You enter a dispersal trap!
You blink.
Found 2 fuming cyan potions.
An adder comes into view.
The adder hisses angrily.
The adder closely misses you.
Found a stone staircase leading up.
You see here 2 fuming cyan potions.
You hit the adder.
The adder is lightly wounded.
The adder bites you.
You hit the adder but do no damage.
The adder is lightly wounded.
The adder misses you. The adder bites you.
You are poisoned.
The adder poisons you!
You hit the adder.
The adder is moderately wounded.
You feel sick. The adder bites you.
You are lethally poisoned!
The adder poisons you!
You hit the adder but do no damage.
The adder is moderately wounded.
You feel sick. The adder bites you but does no damage.
It was a potion of cancellation.
You feel magically purged.
You feel sick. The adder misses you. The adder barely misses you.
Unknown command.
It was a potion of resistance.
You feel protected.
* * * LOW HITPOINT WARNING * * *
You feel sick. The adder bites you but does no damage.
Unknown command.
It was a potion of flight.
You feel very buoyant.
You fly up into the air.
* * * LOW HITPOINT WARNING * * *
You feel sick. The adder bites you.
You die...

#######################
#.....^...............<
#.########.####@S...##
#.# #. #.....# #.# #.
......... ##.########.
.#.....### #...........
#.#.....# #..#########
# ###...# #...######
...# #..#.....# ....
#.###.##.#


You could see an adder.

Vanquished Creatures
  An endoplasm (D:3)
  2 frilled lizards (D:3)
  A kobold (D:3)
4 creatures vanquished.

Notes
Turn   | Place    | Note
-------+----------+-------------------------------------------
     0 | D:5      | Spectrina the Deep Elf Delver began the quest for the Orb.
     0 | D:5      | Reached XP level 1. HP: 13/13 MP: 3/3
   114 | D:4      | Noticed an iguana
   294 | D:3      | Slain by an adder

Illustrated notes

Levels and vault maps discovered:
D:3:      layout_loops_ring
D:4:      layout_cave_pools, minmay_temple_entry_glassed_door
D:5:      layout_basic

Action                   || total
-------------------------++-------
Melee: Short sword       ||    10
  Use: Potion            ||     3
 Stab: Distracted        ||     1
       Sleeping          ||     1
Armor: Leather armour    ||     4
Dodge: Dodged            ||     6

Table legend: (Time is in decaauts)
 A = Elapsed time spent in this place.
 B = Non-inter-level travel time spent in this place.
 C = Inter-level travel time spent in this place.
 D = Time resting spent in this place.
 E = Time spent auto-exploring this place.
 F = Levels seen in this place.
 G = Mean time per level.
                   A        B        C        D        E       F      G
               +--------+--------+--------+--------+--------+-----+--------+
         Total |    294 |    294 |      0 |      0 |      0 |   3 |   98.0 |
       Dungeon |    294 |    294 |      0 |      0 |      0 |   3 |   98.0 |
               +--------+--------+--------+--------+--------+-----+--------+

Top non-repeatable levels by time:
     D:3: 154 daAuts
     D:5: 111 daAuts
     D:4: 28 daAuts
